 Dungeon Crawl Stone Soup version 0.21-a0-265-gb353147 (webtiles) character file.

80767 Chiseanne the Blocker (level 15, 0/119 HPs)
             Began as a Demonspawn Wanderer on Sept 12, 2017.
             Was an Initiate of Gozag.
             Killed from afar by a tengu reaver (26 damage)
             ... with a bolt of poison
             ... on level 15 of the Dungeon.
             The game lasted 00:56:54 (22043 turns).

Chiseanne the Blocker (Demonspawn Wanderer)        Turns: 22043, Time: 00:56:55

Health: 0/119      AC: 11    Str: 16    XL:     15   Next: 24%
Magic:  25/25      EV: 17    Int: 11    God:    Gozag
Gold:   1210       SH: 23    Dex: 21    Spells: 22/28 levels left

rFire    . . .     SeeInvis +   a - +5 mace "Venwoim" {freeze, SInv}
rCold    . . .     Gourm    .   D - +2 shield
rNeg     + . .     Faith    .   H - +1 ring mail "Meme" {rElec rCorr Int-2 Dex+5}
rPois    .         Spirit   .   A - +0 helmet
rElec    +         Reflect  .   (no cloak)
rCorr    +         Harm     +   Q - +0 pair of gloves
MR       +....                  (boots unavailable)
Stlth    +.........             L - amulet of harm
HPRegen  0.29/turn              x - ring of resist corrosion
MPRegen  0.19/turn              V - ring of positive energy

@: lethally poisoned (0 -> -30)
A: talons 3, large bone plates 3, demonic guardian 1, sense surroundings 2,
spiny 2
a: Potion Petition, Call Merchant, Bribe Branch, Renounce Religion


You were on level 15 of the Dungeon.
You worshipped Gozag.
Gozag was most pleased with you.
You were not hungry.

You visited 2 branches of the dungeon, and saw 16 of its levels.
You also visited: Ossuary and Bailey.

You collected 4406 gold pieces.
You spent 968 gold pieces at shops.
You paid 2228 gold pieces to Gozag.

Inventory:

Hand Weapons
 a - the +5 mace "Venwoim" (weapon) {freeze, SInv}
   (You bought it in a shop on level 10 of the Dungeon)

   It has been specially enchanted to freeze those struck by it, causing extra
   injury to most foes and up to half again as much damage against particularly
   susceptible opponents.
   It can also slow down cold-blooded creatures.
   It lets you see invisible.
 m - a +0 broad axe of flaming
 r - a +0 whip of electrocution
 s - a +2 hand axe of chopping
 t - a +0 quick blade
 W - a +4 scimitar of flaming
Missiles
 y - 2 tomahawks of returning (quivered)
 F - 73 bolts
 K - 119 sling bullets
 M - 8 tomahawks
 P - a throwing net
Armour
 A - a +0 helmet (worn)
 D - a +2 shield (worn)
 H - the +1 ring mail "Meme" (worn) {rElec rCorr Int-2 Dex+5}
   (You bought it in a shop on level 8 of the Dungeon)

   It affects your intelligence (-2).
   It affects your dexterity (+5).
   It insulates you from electricity.
   It protects you from acid and corrosion.
 Q - a +0 pair of gloves (worn)
Magical Staves
 G - an uncursed staff of poison
Jewellery
 v - an uncursed ring of flight
 w - an uncursed ring of fire
 x - a ring of resist corrosion (left hand)
 L - an amulet of harm (around neck)
 V - a ring of positive energy (right hand)
 X - an uncursed amulet of rage {unknown}
Wands
 f - a wand of lightning (6/15)
 J - a wand of paralysis (12/24)
 O - a wand of confusion (31/48)
 T - a wand of disintegration (9/24)
Scrolls
 d - 5 scrolls of remove curse
 i - a scroll of recharging
 j - 4 scrolls of amnesia
 z - 9 scrolls of teleportation
 C - a scroll of blinking
 R - 2 scrolls of enchant armour
 S - 4 scrolls of immolation
 U - 2 scrolls of identify
 Z - 2 scrolls of fog
Potions
 b - a potion of haste
 c - a potion of agility
 g - 4 potions of mutation
 h - 4 potions of flight
 k - a potion of cancellation
 o - a potion of brilliance
 q - 2 potions of might
 u - a potion of magic
 B - 7 potions of curing
 E - 2 potions of resistance
 I - a potion of invisibility
 Y - a potion of heal wounds
Books
 e - a book of Transfigurations

   Spells                             Type                      Level
   a - Irradiate                      Conjuration/Transmutation    5
   b - Statue Form                    Transmutation/Earth          6
   c - Hydra Form                     Transmutation                6
   d - Dragon Form                    Transmutation                7
 l - Sif Muna's Collected Works on Enchantment and Flight
   (You found it in a bailey)

   Spells                             Type                      Level
   a - Ensorcelled Hibernation        Hexes/Ice                    2
   b - Leda's Liquefaction            Hexes/Earth                  4
   c - Summon Lightning Spire         Summoning/Air                4
   d - Summon Mana Viper              Hexes/Summoning              5
 p - a book of Maledictions

   Spells                             Type                      Level
   a - Corona                         Hexes                        1
   b - Ensorcelled Hibernation        Hexes/Ice                    2
   c - Confuse                        Hexes                        3
   d - Tukima's Dance                 Hexes                        3
   e - Dazzling Spray                 Conjuration/Hexes            3
Miscellaneous
 N - a lightning rod (inert)
Comestibles
 n - 5 meat rations


   Skills:
 - Level 11.4 Fighting
 - Level 3.3 Long Blades
 - Level 8.4(9.3) Axes
 - Level 6.1(8.2) Maces & Flails
 - Level 10.0 Armour
 - Level 8.7 Dodging
 * Level 11.5 Shields
 * Level 7.0 Spellcasting
   Level 2.0 Conjurations
 * Level 6.8 Transmutations
   Level 1.0 Ice Magic
 - Level 1.0 Evocations


You had 22 spell levels left.
You knew the following spells:

 Your Spells              Type           Power        Failure   Level  Hunger
a - Statue Form           Tmut/Erth      ##.......    100%        6    #######


Dungeon Overview and Level Annotations

Branches:
Dungeon (15/15) Temple (1/1) D:5 Lair (0/6) D:11 Orc (0/2) D:9 Vaults (0/5) D:13 D:14 Depths: D:15

Altars:
Ashenzari
Cheibriados
Dithmenos
Elyvilon
Fedhas
Gozag
Hepliaklqana
Kikubaaqudgha
Makhleb
Nemelex Xobeh
Okawaru
Qazlal
Ru
Sif Muna
Trog
Uskayaw
Vehumet
Wu Jian
Xom
Yredelemnul
Zin
The Shining One

Shops:
D:5 *   D:8 *   D:10 *   D:13 (

Portals:
Trove: D:11 (give 4 potions of resistance)


Innate Abilities, Weirdness & Mutations

You have claws for feet.
You are completely covered in large bone plates. (SH +8)
A weak demonic guardian rushes to your aid.
You are mostly covered in sharp spines.
You passively map the area around you.


Message History

You sock the tengu reaver! You freeze the tengu reaver.
You claw the tengu reaver.
The tengu reaver is severely wounded.
You feel sick.
The tengu reaver hits you with a battleaxe!
* * * LOW HITPOINT WARNING * * *
You block the tengu reaver's attack. The tengu reaver completely misses you.
You hit the tengu reaver but do no damage.
Your kick misses the tengu reaver.
The tengu reaver is severely wounded.
You feel sick.
You hit the tengu reaver. You freeze the tengu reaver.
You claw the tengu reaver, but do no damage.
The tengu reaver is severely wounded.
You feel sick.
The tengu reaver points at you and mumbles some strange words.
The bolt of poison hits you!
You are lethally poisoned!
You die...
Your body crumbles into a pile of gold.

, ,* ....###.# * * * *
#...##.# ,,, *
##......##### , ,*
##..#........# * *
##..###...###.## * ,,,,,
##..## ##.....(.. ,* #.**
##..## ##.###### * ***#..
,##..## , ##.## *,,#.##
#.@##,,* ##.## , #.#.
#.Q##,, * *, ##.## *
#..##*.# , ##(# * ,
##...##., * ##)## #.....##
* , , ##..# , , ,
*#......##,, ,*#. ##.#.# *
#...#...## #..##.#..# , *
##.###...## #..##.##.##
#####.###....###..##.###.#


You could see a tengu reaver and a battlesphere.

Vanquished Creatures
  Nessos (D:14)
  2 hydras
  4 centaur warriors
  A death knight (D:15)
  6 two-headed ogres
  3 tengu warriors
  8 skeletal warriors (D:13)
  5 unseen horrors
  A phantasmal warrior (D:15)
  3 orc knights
  13 ugly things
  A deep elf mage (D:12)
  A salamander (shapeshifter) (D:15)
  An elephant (shapeshifter) (D:15)
  10 cyclopes
  The ghost of soark the Gusty, a novice TeAE of Vehumet (D:6)
  Psyche (D:9)
  2 gargoyles
  A kobold demonologist (D:15)
  A freezing wraith (D:15)
  2 ice devils (D:11)
  A komodo dragon (D:11)
  An efreet (D:14)
  A redback zombie (D:15)
  A meliai (D:14)
  5 trolls
  2 tengu conjurers (D:15)
  The ghost of Maragoth the Covert, a novice SpEn (D:5)
  Prince Ribbit (D:6)
  4 hippogriffs
  4 hornets
  A slime creature (D:14)
  A centaur simulacrum (D:15)
  2 wraiths (D:15)
  14 yaks
  3 wyverns
  Eustachio (D:5)
  The ghost of Glitchraptor the Twirler, an amateur MiGl (D:3)
  2 shadows
  15 humans
  3 hungry ghosts
  A vampire mosquito (D:13)
  Menkaure (D:5)
  4 acid dragons
  2 ice beasts
  5 phantoms
  13 orc warriors
  A black bear (D:9)
  A sky beast (D:6)
  A boggart (D:14)
  28 centaurs
  6 ogres
  A necrophage (D:14)
  4 eyes of draining
  3 big kobolds
  A wyvern zombie (D:12)
  7 bullfrogs
  A gnoll sergeant (D:5)
  A water moccasin skeleton (D:4)
  12 scorpions
  8 killer bees
  3 howler monkeys
  7 wights
  A lava snake (D:9)
  8 crimson imps
  2 jellies
  A human zombie (Ossuary)
  2 quasits
  A bullfrog zombie (D:12)
  3 centaur zombies
  8 hounds
  2 bullfrog skeletons (D:6)
  2 centaur skeletons
  A gnoll shaman (D:8)
  An iguana (D:14)
  5 orc wizards
  13 worker ants
  A big kobold zombie (Ossuary)
  2 hound zombies
  2 hound skeletons
  4 mummies
  2 worker ant zombies
  12 adders
  21 gnolls
  3 scorpion zombies (Ossuary)
  A shadow imp (D:5)
  2 oozes
  An adder zombie (D:9)
  An adder skeleton (D:9)
  4 worms
  2 dart slugs (D:1)
  10 leopard geckos
  30 orcs
  4 ball pythons
  5 giant cockroaches
  17 goblins
  31 hobgoblins
  8 jackals
  2 quokkas
  4 bats
  4 frilled lizards
  4 gnoll zombies (Ossuary)
  3 hobgoblin zombies
  15 kobolds
  2 kobold zombies (Ossuary)
  4 orc zombies
  A quokka skeleton (D:8)
  12 rats
507 creatures vanquished.

Vanquished Creatures (collateral kills)
  An orc warlord (Bailey)
  A shadow (D:11)
  4 yaks
  Edmund (D:5)
  A water moccasin (D:5)
  An orc warrior (Bailey)
  An ogre (D:7)
  2 centaurs (D:6)
  4 scorpions (Ossuary)
  A centaur zombie (Ossuary)
  2 orcs
  2 goblins (Bailey)
  2 hobgoblins (Bailey)
  A kobold zombie (Ossuary)
24 creatures vanquished.

Vanquished Creatures (others)
  A human (D:14)
  A jelly (D:12)
  27 plants (D:11)
29 creatures vanquished.

Grand Total: 560 creatures vanquished

Notes
Turn   | Place    | Note
-------+----------+-------------------------------------------
     0 | D:1      | Chiseanne the Demonspawn Wanderer began the quest for the Orb.
     0 | D:1      | Chiseanne set off with: a +2 falchion, 2 potions of lignification, a +0 robe, a bread ration
     0 | D:1      | Reached XP level 1. HP: 16/16 MP: 1/1
   116 | D:1      | Gained mutation: A weak demonic guardian rushes to your aid. [demonic ancestry]
   116 | D:1      | Reached XP level 2. HP: 14/22 MP: 2/2
   278 | D:1      | Reached skill level 1 in Armour
   452 | D:1      | Reached skill level 1 in Dodging
   510 | D:1      | Gained mutation: You are partially covered in sharp spines. [demonic ancestry]
   510 | D:1      | Reached XP level 3. HP: 27/28 MP: 3/3
  1174 | D:2      | Reached XP level 4. HP: 34/34 MP: 4/4
  1604 | D:2      | Found a shattered altar of Ashenzari.
  2065 | D:3      | Noticed Glitchraptor's ghost (amateur MiGl)
  2142 | D:4      | Found a blossoming altar of Fedhas.
  2142 | D:4      | Noticed a centaur
  2157 | D:4      | Reached XP level 5. HP: 34/41 MP: 5/5
  2271 | D:4      | Killed a centaur
  2271 | D:4      | Reached skill level 1 in Axes
  2315 | D:4      | Found a sand-covered staircase.
  2336 | Ossuary  | Entered an ossuary
  2424 | Ossuary  | Gained mutation: You are partially covered in large bone plates. (SH +4) [demonic ancestry]
  2424 | Ossuary  | Reached XP level 6. HP: 18/47 MP: 6/6
  2450 | Ossuary  | HP: 2/47 [poisoned by a scorpion]
  2458 | Ossuary  | HP: 1/47 [poisoned by a scorpion]
  3170 | Ossuary  | Gained mutation: You have sharp toenails. [demonic ancestry]
  3170 | Ossuary  | Reached XP level 7. HP: 37/54 MP: 7/7
  3393 | Ossuary  | HP: 1/55 [mummy (8)]
  4238 | D:4      | Reached skill level 5 in Fighting
  4238 | D:4      | Gained mutation: You have razor-sharp toenails. [demonic ancestry]
  4238 | D:4      | Reached XP level 8. HP: 46/62 MP: 8/8
  4971 | D:3      | Found a hazy altar of Hepliaklqana.
  5209 | D:3      | Killed Glitchraptor's ghost
  5537 | D:5      | Entered Level 5 of the Dungeon
  5538 | D:5      | Noticed Edmund
  5548 | D:5      | Killed Edmund
  5699 | D:5      | Found Diryp's General Store.
  5983 | D:5      | Reached skill level 5 in Dodging
  6164 | D:5      | Reached skill level 5 in Armour
  6229 | D:5      | Noticed Maragoth's ghost (novice SpEn)
  6284 | D:5      | Killed Maragoth's ghost
  6513 | D:5      | Found a shadowy altar of Dithmenos.
  6520 | D:5      | Reached XP level 9. HP: 69/69 MP: 9/9
  6709 | D:5      | Found a staircase to the Ecumenical Temple.
  6793 | D:5      | Found an ornate altar of the Wu Jian Council.
  6793 | D:5      | Found a shattered altar of Ashenzari.
  6796 | D:5      | Found a radiant altar of Vehumet.
  6988 | Temple   | Entered the Ecumenical Temple
  7188 | Temple   | Became a worshipper of Gozag Ym Sagoz the Greedy
  7235 | D:6      | Noticed Menkaure
  7235 | D:6      | Noticed soark's ghost (novice TeAE)
  7238 | D:6      | Noticed Eustachio
  7256 | D:5      | Killed Eustachio
  7414 | D:5      | Killed Menkaure
  7596 | D:6      | Reached skill level 5 in Axes
  7617 | D:6      | Noticed Prince Ribbit
  7624 | D:6      | Killed Prince Ribbit
  8290 | D:5      | Found a burning altar of Makhleb.
  8290 | D:5      | Found an iron altar of Okawaru.
  8580 | D:6      | Killed soark's ghost
  8813 | D:6      | Found a deep blue altar of Sif Muna.
  9190 | D:7      | Gained mutation: You are mostly covered in sharp spines. [demonic ancestry]
  9190 | D:7      | Reached XP level 10. HP: 66/79 MP: 10/10
  9337 | D:7      | Found a flagged portal.
  9347 | Bailey   | Entered a bailey
  9745 | Bailey   | Noticed an orc knight
  9765 | Bailey   | Reached XP level 11. HP: 30/93 MP: 11/11
  9772 | Bailey   | Killed an orc knight
  9829 | Bailey   | Gained mutation: You are mostly covered in large bone plates. (SH +6) [demonic ancestry]
  9829 | Bailey   | Reached XP level 12. HP: 42/100 MP: 12/12
 10033 | Bailey   | Noticed an orc warlord
 10143 | Bailey   | Gained mutation: You have claws for feet. [demonic ancestry]
 10143 | Bailey   | Reached XP level 13. HP: 66/106 MP: 13/13
 10273 | Bailey   | Killed an orc warlord
 10286 | Bailey   | Identified Sif Muna's Collected Works on Enchantment and Flight
 11135 | D:8      | Found a bloodstained altar of Trog.
 11223 | D:8      | Bought a bloodstained ring mail for 360 gold pieces
 11223 | D:8      | Bought a fizzy white potion for 36 gold pieces
 11247 | D:8      | Identified the +1 ring mail "Meme" {rElec rCorr Int-2 Dex+5} (You bought it in a shop on level 8 of the Dungeon)
 11256 | D:8      | Learned a level 6 spell: Statue Form
 11888 | D:9      | Found a shimmering altar of Xom.
 11892 | D:9      | Noticed an angel
 11896 | D:9      | Found a glowing silver altar of Zin.
 11955 | D:9      | Noticed Psyche
 11974 | D:9      | Killed Psyche
 11974 | D:9      | Reached skill level 1 in Transmutations
 12114 | D:9      | Reached skill level 1 in Spellcasting
 12200 | D:9      | Found a staircase to the Orcish Mines.
 12449 | D:9      | Found a stormy altar of Qazlal.
 12785 | D:10     | Entered Level 10 of the Dungeon
 12950 | D:10     | Bought a jewelled mace for 264 gold pieces
 12950 | D:10     | Bought a scroll of identify for 66 gold pieces
 12950 | D:10     | Bought a scroll labeled UCHUDW XOUQU for 33 gold pieces
 12952 | D:10     | Identified the +5 mace "Venwoim" {freeze, SInv} (You bought it in a shop on level 10 of the Dungeon)
 13139 | D:5      | Bought a scroll of identify for 22 gold pieces
 13139 | D:5      | Bought a potion of might for 44 gold pieces
 13139 | D:5      | Bought a potion of agility for 44 gold pieces
 13922 | D:10     | Reached skill level 1 in Maces & Flails
 14145 | D:10     | Bought a potion of curing for 99 gold pieces
 14217 | D:11     | Reached skill level 10 in Shields
 14294 | D:11     | Found a frozen archway.
 14619 | D:11     | Gained mutation: You passively map a small area around you. [potion of mutation]
 14619 | D:11     | Gained mutation: You passively map the area around you. [potion of mutation]
 14891 | D:11     | Gained mutation: You are completely covered in large bone plates. (SH +8) [demonic ancestry]
 14891 | D:11     | Reached XP level 14. HP: 84/113 MP: 18/18
 15011 | D:11     | Found a portal to a secret trove of treasure.
 15063 | D:11     | Found a staircase to the Lair.
 15574 | D:12     | Found a snail-covered altar of Cheibriados.
 18181 | D:13     | Found a bloodstained altar of Trog.
 18871 | D:13     | Reached skill level 5 in Transmutations
 19041 | D:14     | Found a gate to the Vaults.
 19041 | D:14     | Noticed Nessos
 19078 | D:13     | Reached skill level 10 in Armour
 19078 | D:13     | Reached skill level 5 in Spellcasting
 19390 | D:14     | Killed Nessos
 20175 | D:13     | Reached skill level 5 in Maces & Flails
 20697 | D:14     | Reached XP level 15. HP: 81/119 MP: 24/24
 21693 | D:15     | Entered Level 15 of the Dungeon
 22029 | D:15     | Noticed a tengu reaver
 22043 | D:15     | Killed from afar by a tengu reaver

Vault maps used:
D:1:      giann_horns
D:2:      kennysheep_six_static_rooms, ashenzari_altar_1
D:3:      old_standard_altar
D:4:      fedhas_bush_and_centaur_altar, nicolae_ossuary_entry_giza
D:5:      nicolae_overflow_hidden_temple, minmay_temple_entry_trees,
          serial_shops, shop, first_bread, nicolae_dithmenos_the_darkroom,
          uniq_edmund
D:6:      overflow_temple_1_default, hangedman_minor_gate_pass, uniq_menkaure,
          uniq_prince_ribbit1, uniq_eustachio
D:7:      enter_bailey_8
D:8:      basic_altar
D:9:      grunt_temple_overflow_order_and_chaos_1, hiddenorc1_lemuel,
          basic_altar, kennysheep_opposing_triangles, uniq_psyche
D:11:     david_lair_shrubbed, portal_ice_cave_demonic_guard, enter_trove_0
D:12:     basic_altar, grunt_ogre_cave, kennysheep_generic_room_5
D:13:     minmay_cut_squares, basic_altar
D:14:     david_vaults_3, grunt_decor_cap
D:15:     hangedman_depths_entry_try_elsewhere_first, minmay_stone_trees_small,
          minmay_diamond_spiral
Temple:   minmay_temple_curvy_loop
Ossuary:  ossuary_minmay_scorpions
Bailey:   bailey_axe_minmay_hex_keep, bailey

Skill      XL: |  1  2  3  4  5  6  7  8  9 10 11 12 13 14 15 |
---------------+----------------------------------------------+-----
Armour         | 1 2 3 4 5 6 8 9 10 | 10.0
Dodging        | 1 2 3 4 5 6 8 |  8.7
Long Blades    | 3 |  3.3
Fighting       | 3 4 5 6 7 11 | 11.4
Axes           | 1 2 3 4 6 7 8 |  8.4
Shields        | 7 9 10 11 | 11.5
Transmutations | 2 6 |  6.8
Spellcasting   | 3 6 7 |  7.0
Maces & Flails | 2 5 6 |  6.1
Conjurations   | |  2.0
Ice Magic      | |  1.0
Evocations     | |  1.0

Action                   |  1- 3 |  4- 6 |  7- 9 | 10-12 | 13-15 || total
-------------------------+-------+-------+-------+-------+-------++-------
Melee: Falchion          |    78 |    36 |       |       |       ||   114
       Hand axe          |       |    88 |   304 |   125 |   266 ||   783
       Kick              |       |       |    86 |    35 |   485 ||   606
       Mace              |       |       |       |       |   875 ||   875
       Scimitar          |       |       |       |       |     3 ||     3
Throw: Stone             |       |       |       |     3 |     2 ||     5
       Tomahawk          |       |       |       |       |     2 ||     2
Invok: Potion Petition   |       |       |       |     1 |       ||     1
       Call Merchant     |       |       |       |       |     3 ||     3
Evoke: Wand              |       |       |     9 |    11 |    19 ||    39
       Lightning rod     |       |       |       |       |     6 ||     6
       Box of beasts     |       |       |       |       |     1 ||     1
  Use: Scroll            |       |     8 |    12 |     4 |    11 ||    35
       Potion            |       |       |     3 |     9 |     5 ||    17
 Stab: Distracted        |       |     2 |     4 |       |    24 ||    30
       Paralysed         |       |       |     9 |     6 |     8 ||    23
       Sleeping          |       |       |       |       |     1 ||     1
  Eat: Chunk             |     1 |     4 |     8 |       |       ||    13
       Bread ration      |       |     1 |     2 |       |     5 ||     8
       Royal jelly       |       |       |     1 |       |     2 ||     3
       Meat ration       |       |       |       |     1 |     3 ||     4
       Fruit             |       |       |       |       |     3 ||     3
Armor: Robe              |     3 |       |       |       |       ||     3
       Ring mail         |    23 |    39 |    59 |    17 |    98 ||   236
       Skin              |       |       |    36 |       |       ||    36
       Chain mail        |       |       |       |       |    11 ||    11
Dodge: Dodged            |    42 |    70 |   159 |    46 |   353 ||   670
Block: Other             |       |     5 |    51 |    10 |       ||    66
       Shield            |       |       |       |    49 |  1125 ||  1174
       Rpst.: Falchion   |    16 |     7 |       |       |       ||    23

Table legend:
 A = Spawn XP
 B = Non-spawn XP
 C = Spawn XP percentage of total XP
 D = Spawn monster count
 E = Non-spawn monster count
 F = Spawn count percentage of total count
 G = Total turns spent on level
                    A         B        C        D         E        F      G
               +---------+---------+-------+---------+---------+-------+---------
         Total |       0 |   76928 |   0.0 |       0 |     531 |   0.0 | 22043
               +---------+---------+-------+---------+---------+-------+---------
           D:1 |       0 |      52 |   0.0 |       0 |      26 |   0.0 |   784
           D:2 |       0 |      91 |   0.0 |       0 |      24 |   0.0 |   945
           D:3 |       0 |     289 |   0.0 |       0 |      23 |   0.0 |  1024
           D:4 |       0 |     516 |   0.0 |       0 |      16 |   0.0 |  1211
           D:5 |       0 |    1298 |   0.0 |       0 |      17 |   0.0 |  1865
           D:6 |       0 |    1729 |   0.0 |       0 |      26 |   0.0 |  1451
           D:7 |       0 |    1243 |   0.0 |       0 |      22 |   0.0 |   641
           D:8 |       0 |    2773 |   0.0 |       0 |      19 |   0.0 |  1082
           D:9 |       0 |    3128 |   0.0 |       0 |      46 |   0.0 |  1021
          D:10 |       0 |    4071 |   0.0 |       0 |      26 |   0.0 |  1133
          D:11 |       0 |    7450 |   0.0 |       0 |      41 |   0.0 |  1319
          D:12 |       0 |    7502 |   0.0 |       0 |      34 |   0.0 |  1516
          D:13 |       0 |   19379 |   0.0 |       0 |      47 |   0.0 |  2895
          D:14 |       0 |   12879 |   0.0 |       0 |      36 |   0.0 |  1816
          D:15 |       0 |    9528 |   0.0 |       0 |      27 |   0.0 |   350
       Ossuary |       0 |     999 |   0.0 |       0 |      34 |   0.0 |  1573
        Bailey |       0 |    4001 |   0.0 |       0 |      67 |   0.0 |  1198
               +---------+---------+-------+---------+---------+-------+---------
